 Dungeon Crawl Stone Soup version 0.28-a0-1087-gf3fc490d9d (webtiles) character file.

Game seed: 9686525857101472791

196 ytrimaz the Insei (level 5, -3/34 HPs)
             Began as an Octopode Transmuter on Dec 10, 2021.
             Killed from afar by a white imp (8 damage)
             ... with a puff of frost
             ... summoned by Eustachio
             ... on level 4 of the Dungeon.
             The game lasted 00:02:13 (3278 turns).

ytrimaz the Insei (Octopode Transmuter)             Turns: 3278, Time: 00:02:13

Health: -3/34      AC:  1    Str: 10      XL:     5   Next: 74%
Magic:  6/9        EV: 12    Int: 17      God:
Gold:   124        SH:  0    Dex:  7 (12) Spells: 4/10 levels left

rFire   . . .      SeeInvis .     - Unarmed
rCold   . . .      Faith    .   (no shield)
rNeg    . . .      Spirit   .   (helmet restricted)
rPois   .          Reflect  .   (no amulet)
rElec   .          Harm     .   (no ring)
rCorr   .          Rampage  .   (no ring)
Will    .....                   (no ring)
Stlth   ++........              (no ring)
HPRegen 0.11/turn               (no ring)
MPRegen 0.11/turn               (no ring)
                                (no ring)
                                (no ring)

@: brilliant, wereblooded, very slightly contaminated
A: almost no armour, amphibious, 8 rings, camouflage 1, gelatinous body 1,
(nimble swimmer 1), tentacles
a: no special abilities


You were on level 4 of the Dungeon.
You visited 1 branch of the dungeon, and saw 4 of its levels.

You collected 124 gold pieces.

Inventory:

Scrolls
 c - a scroll of amnesia
 d - a scroll of enchant weapon
Potions
 b - 2 potions of flight


   Skills:
 * Level 2.2 Fighting
 - Level 2.0 Dodging
 + Level 4.4 Unarmed Combat
 * Level 3.2 Spellcasting
 * Level 2.9 Transmutations


You had 4 spell levels left.
You knew the following spells:

 Your Spells              Type           Power      Damage    Failure   Level
a - Beastly Appendage     Tmut           38%        N/A       4%          1
b - Wereblood             Tmut           19%        N/A       8%          2
c - Spider Form           Tmut/Pois      11%        N/A       26%         3

Your spell library contained the following spells:

 Spells                   Type           Power      Damage    Failure   Level
 Ice Form                 Ice/Tmut       11%        N/A       67%         4


Dungeon Overview and Level Annotations

Branches:
Dungeon (4/15)
 Temple: D:4-7

Altars:

Annotations:
D:4 Eustachio


Innate Abilities, Weirdness & Mutations

You cannot wear most types of armour.
You are amphibious.
You can wear up to eight rings at the same time.
Your skin changes colour to match your surroundings (Stealth+).
Your rubbery body absorbs attacks. (AC +1, EV +1)
((You are camouflaged near water. (Stealth+)))
You have tentacles for arms and can constrict up to eight enemies at once.


Message History

Unknown command.
You tentacle-slap the quasit. You grab the quasit.
The quasit is heavily wounded.
You constrict the quasit, but do no damage.
Eustachio casts a spell.
Eustachio blinks!
The quasit bites you.
* * * LOW HITPOINT WARNING * * *
You feel clumsy. The quasit claws you.
* * * LOW HITPOINT WARNING * * *
The quasit completely misses you.
Unknown command.
Unknown command.
You completely miss the quasit.
The quasit is heavily wounded.
You constrict the quasit. The quasit barely misses you. x2
The quasit claws you.
* * * LOW HITPOINT WARNING * * *
You feel clumsy.
Unknown command.
Unknown command.
You tentacle-slap the quasit but do no damage.
The quasit is severely wounded.
You constrict the quasit. The quasit closely misses you. The quasit claws you.
* * * LOW HITPOINT WARNING * * *
You feel clumsy. The quasit claws you.
* * * LOW HITPOINT WARNING * * *
You feel clumsy. The white imp gestures at you. The puff of frost misses you.
Unknown command.
You barely miss the quasit. You squeeze the quasit.
The quasit is almost dead.
You constrict the quasit.
You kill the quasit!
The quasit disappears in a puff of smoke!
The white imp gestures at you. The puff of frost hits you!
You die...

...# ##...........#..... .....
.... #.......#... #####..#
#######..#.##.......#..#
.......###....##..#........[.#...
..####...+....+...####.#.....##.#
.......# #....#......#.#.....#...
....(..###....#@..#....'.....#..#
.......'.......ยง#5...###..)..#...
.......#......##@.....>+.........
.......#......##..######....###.#
..######......##..#####....... .
..######......##........#......
....##..........#.#######.......
....++..........+... ........
....##...####...#.....
........................
..).....................


You could see Eustachio and a white imp (summoned).

Vanquished Creatures
  An ogre (D:4)
  A water moccasin skeleton (D:4)
  2 adders (D:3)
  A worm (D:2)
  A dart slug (D:3)
  5 bats
  5 endoplasms
  3 giant cockroaches
  2 goblins
  5 hobgoblins
  3 quokkas
  A ball python (D:3)
  4 frilled lizards
  7 kobolds
  6 rats
47 creatures vanquished.

Notes
Turn   | Place    | Note
-------+----------+-------------------------------------------
     0 | D:1      | ytrimaz the Octopode Transmuter began the quest for the
                  | Orb.
     0 | D:1      | Reached XP level 1. HP: 13/13 MP: 3/3
   407 | D:1      | Reached XP level 2. HP: 12/18 MP: 5/5
   531 | D:1      | Found a faded altar of an unknown god.
   817 | D:1      | You fall into a shaft and drop 1 floor!
   836 | D:2      | Learned a level 2 spell: Wereblood
  1643 | D:2      | Reached XP level 3. HP: 23/23 MP: 4/6
  1666 | D:2      | Learned a level 3 spell: Spider Form
  1675 | D:2      | Noticed a phantom
  2758 | D:3      | Reached XP level 4. HP: 24/28 MP: 5/7
  2896 | D:4      | Reached skill level 4 in Unarmed Combat
  3076 | D:4      | Reached XP level 5. HP: 34/34 MP: 7/9
  3132 | D:4      | Noticed an ogre
  3148 | D:4      | HP: 1/34 [ogre (31)]
  3160 | D:4      | Killed an ogre
  3222 | D:4      | Noticed Eustachio
  3278 | D:4      | Killed from afar by a white imp

Illustrated notes

Levels and vault maps discovered:
D:1:      erik_arrival_cave_to_civilisation [erik_arrival_cave_to_hall],
          layout_loops_ring, basic_ecumenical_altar, serial_forest,
          infiniplex_forest_zigzag_2, infiniplex_forest_lined_2,
          infiniplex_forest_lined_room_2, infiniplex_forest_lined_3_way,
          infiniplex_forest_corner_1
D:2:      layout_basic, minmay_tetromino_t2, uniq_natasha
D:3:      layout_basic, corexii_shack
D:4:      layout_basic, lemuel_crystal_altar, grunt_temple_overflow_open,
          uniq_eustachio, uniq_menkaure

Skill      XL: |  1  2  3  4  5 |
---------------+----------------+-----
Unarmed Combat | 4 |  4.4
Fighting       | 2 |  2.2
Spellcasting   | 3 |  3.2
Dodging        | |  2.0
Transmutations | |  2.9

Action                   |  1- 3 |  4- 6 || total
-------------------------+-------+-------++-------
Melee: Unarmed           |    91 |    28 ||   119
       Constrict         |    27 |     3 ||    30
       Tentacles         |    16 |     3 ||    19
       Punch             |     3 |       ||     3
       Kick              |     8 |       ||     8
 Cast: Beastly Appendage |    13 |     1 ||    14
       Spider Form       |       |     1 ||     1
       Wereblood         |       |     1 ||     1
  Use: Scroll            |     7 |       ||     7
       Potion            |       |     1 ||     1
 Stab: Sleeping          |     5 |       ||     5
       Distracted        |       |     1 ||     1
Armor: Skin              |    11 |       ||    11
Dodge: Dodged            |    55 |    30 ||    85

Table legend: (Time is in decaauts)
 A = Elapsed time spent in this place.
 B = Non-inter-level travel time spent in this place.
 C = Inter-level travel time spent in this place.
 D = Time resting spent in this place.
 E = Time spent auto-exploring this place.
 F = Levels seen in this place.
 G = Mean time per level.
                   A        B        C        D        E       F      G
               +--------+--------+--------+--------+--------+-----+--------+
         Total |   3270 |   3221 |     49 |    407 |   2370 |   4 |  817.5 |
       Dungeon |   3270 |   3221 |     49 |    407 |   2370 |   4 |  817.5 |
               +--------+--------+--------+--------+--------+-----+--------+

Top non-repeatable levels by time:
     D:3: 1182 daAuts
     D:1: 1092 daAuts
     D:2: 595 daAuts
     D:4: 400 daAuts
